| TOP OF THE 1ST |
|
New York Yankees batting - Pitching for Baltimore Orioles : RHP Don Robinson
|
|
Pitching: RHP Don Robinson
|
|
|
Batting: LHB Wade Boggs
|
0-0: Ball 1-0: Foul Ball, location: 2F 1-1: Swinging Strike 1-2: Foul Ball, location: 2F 1-2: Ball 2-2: Strikes out swinging
|
|
Batting: SHB Willie Wilson
|
0-0: Ball 1-0: Foul Ball, location: 2F 1-1: Ball 2-1: Foul Ball, location: 2F 2-2: Strikes out swinging
|
|
Batting: LHB Kent Hrbek
|
0-0: SINGLE (Flyball, 3D, EV 89.4 MPH)
|
|
Batting: LHB George Kaage
|
0-0: DOUBLE (Flyball, 78XD, EV 98.8 MPH) Kent Hrbek to third Runner from 3rd tries for Home, SAFE, throw by CF to home
|
|
Batting: RHB Pedro Guerrero
|
0-0: Foul Ball, location: 2F 0-1: Ball 1-1: Swinging Strike 1-2: Ball 2-2: Strikes out swinging
|
| Top of the 1st over - 1 run, 2 hits, 0 errors, 1 left on base; New York 1 - Baltimore 0 |
| BOTTOM OF THE 1ST |
|
Baltimore Orioles batting - Pitching for New York Yankees : RHP Steve Shields
|
|
Pitching: RHP Steve Shields
|
|
|
Batting: SHB Willie McGee
|
0-0: Ball 1-0: Called Strike 1-1: Foul Ball, location: 2F 1-2: Foul Ball, location: 2F 1-2: Fly out, F9 (Flyball, 89S, EV 88.1 MPH)
|
|
Batting: SHB Johnny Ray
|
0-0: Ball 1-0: Ball 2-0: Ball 3-0: Base on Balls
|
|
Batting: LHB Dave Parker
|
0-0: Ball 1-0: Called Strike Johnny Ray steals 2nd base 1-1: Foul Ball, location: 2F 1-2: Foul Ball, location: 2F 1-2: Ball 2-2: Strikes out swinging
|
|
Batting: RHB Dwight Evans
|
0-0: Ball 1-0: Ball 2-0: Called Strike 2-1: Swinging Strike 2-2: Ground out 6-3 (Groundball, 6, EV 96.9 MPH)
|
| Bottom of the 1st over - 0 runs, 0 hits, 0 errors, 1 left on base; New York 1 - Baltimore 0 |
| TOP OF THE 2ND |
|
New York Yankees batting - Pitching for Baltimore Orioles : RHP Don Robinson
|
|
Batting: SHB Tim Raines
|
0-0: Ball 1-0: Ball 2-0: SINGLE (Groundball, 34D, EV 100.0 MPH)
|
|
Batting: RHB Rod Allen
|
0-0: Swinging Strike 0-1: Ball 1-1: Ball 2-1: Fly out, F6 (Popup, 6MD, EV 42.5 MPH)
|
|
Batting: LHB Denny Porter
|
0-0: Ball Tim Raines is caught stealing 2nd base 2-6 1-0: Called Strike 1-1: Foul Ball, location: 2F 1-2: Ground out 4-3 (Groundball, 4, EV 88.1 MPH)
|
| Top of the 2nd over - 0 runs, 1 hit, 0 errors, 0 left on base; New York 1 - Baltimore 0 |
| BOTTOM OF THE 2ND |
|
Baltimore Orioles batting - Pitching for New York Yankees : RHP Steve Shields
|
|
Batting: SHB Steve R Ontiveros
|
0-0: Ball 1-0: Swinging Strike 1-1: Fly out, F6 (Popup, 6, EV 60.0 MPH)
|
|
Batting: RHB Marty G Barrett
|
0-0: SINGLE (Line Drive, 8RS, EV 106.3 MPH)
|
|
Batting: SHB Mike Hart
|
0-0: Ball 1-0: Called Strike 1-1: Swinging Strike 1-2: Foul Ball, location: 2F 1-2: Foul Ball, location: 2F 1-2: Strikes out swinging
|
|
Batting: RHB Dennis Werth
|
0-0: Ball Marty G Barrett is caught stealing 2nd base 2-4
|
| Bottom of the 2nd over - 0 runs, 1 hit, 0 errors, 0 left on base; New York 1 - Baltimore 0 |
| TOP OF THE 3RD |
|
New York Yankees batting - Pitching for Baltimore Orioles : RHP Don Robinson
|
|
Batting: RHB Emanuel Cortez
|
0-0: Called Strike 0-1: Fly out, F8 (Flyball, 89S, EV 83.1 MPH)
|
|
Batting: LHB Wade Boggs
|
0-0: Foul Ball, location: 2F 0-1: Called Strike 0-2: Ball 1-2: Strikes out looking
|
|
Batting: SHB Willie Wilson
|
0-0: Ball 1-0: Called Strike 1-1: Called Strike 1-2: Foul Ball, location: 2F 1-2: Strikes out swinging
|
| Top of the 3rd over - 0 runs, 0 hits, 0 errors, 0 left on base; New York 1 - Baltimore 0 |
| BOTTOM OF THE 3RD |
|
Baltimore Orioles batting - Pitching for New York Yankees : RHP Steve Shields
|
|
Batting: RHB Dennis Werth
|
0-0: Ball 1-0: Called Strike 1-1: Ball 2-1: SINGLE (Groundball, 6MD, EV 105.6 MPH)
|
|
Batting: RHB Matt Rice
|
0-0: Ball 1-0: Ball 2-0: Called Strike 2-1: Foul Ball, location: 2F 2-2: Foul Ball, location: 2F 2-2: Ball 3-2: Base on Balls Dennis Werth to second
|
|
Batting: SHB Willie McGee
|
0-0: SINGLE (Flyball, 8LS, EV 96.3 MPH) Dennis Werth to third Matt Rice to second Runner from 3rd tries for Home, SAFE, throw by CF to home
|
|
Batting: SHB Johnny Ray
|
0-0: Ball 1-0: Foul Ball, location: 2F 1-1: Swinging Strike 1-2: Foul Ball, location: 2F 1-2: Fly out, F8 (Flyball, 78D, EV 106.9 MPH)
|
|
Batting: LHB Dave Parker
|
0-0: Called Strike 0-1: SINGLE (Line Drive, 4D, EV 105.0 MPH) Matt Rice to third Willie McGee to second Runner from 3rd tries for Home, SAFE, throw by CF to home
|
|
Batting: RHB Dwight Evans
|
0-0: Ball Willie McGee steals 3rd base Dave Parker to second 1-0: Foul Ball, location: 2F 1-1: Ball 2-1: Foul Ball, location: 2F 2-2: Foul Ball, location: 2F 2-2: Fly out, F6 (Popup, 6M, EV 51.9 MPH)
|
|
Batting: SHB Steve R Ontiveros
|
0-0: Foul Ball, location: 2F 0-1: Ball 1-1: Called Strike 1-2: Strikes out swinging
|
| Bottom of the 3rd over - 2 runs, 3 hits, 0 errors, 2 left on base; New York 1 - Baltimore 2 |
| TOP OF THE 4TH |
|
New York Yankees batting - Pitching for Baltimore Orioles : RHP Don Robinson
|
|
Batting: LHB Kent Hrbek
|
0-0: Ball 1-0: Called Strike 1-1: SINGLE (Groundball, 6MD, EV 103.1 MPH)
|
|
Batting: LHB George Kaage
|
0-0: Called Strike 0-1: Ball 1-1: Ball 2-1: Foul Ball, location: 2F 2-2: Fly out, F8 (Flyball, 8RM, EV 92.5 MPH)
|
|
Batting: RHB Pedro Guerrero
|
0-0: Foul Ball, location: 2F 0-1: Ball Wild Pitch! Kent Hrbek to second 1-1: Ball 2-1: Foul Ball, location: 2F 2-2: Strikes out looking
|
|
Batting: SHB Tim Raines
|
0-0: Ball 1-0: Fly out, F9 (Line Drive, 9D, EV 101.3 MPH)
|
| Top of the 4th over - 0 runs, 1 hit, 0 errors, 1 left on base; New York 1 - Baltimore 2 |
| BOTTOM OF THE 4TH |
|
Baltimore Orioles batting - Pitching for New York Yankees : RHP Steve Shields
|
|
Batting: RHB Marty G Barrett
|
0-0: Ball 1-0: Ground out 5-3 (Groundball, 5L, EV 105.0 MPH)
|
|
Batting: SHB Mike Hart
|
0-0: Ball 1-0: Ball 2-0: Called Strike 2-1: Ball 3-1: Called Strike 3-2: Ground out 3-1 (Groundball, 34S, EV 86.3 MPH)
|
|
Batting: RHB Dennis Werth
|
0-0: Called Strike 0-1: Ball 1-1: Ball 2-1: Fly out, F7 (Flyball, 78M, EV 83.8 MPH)
|
| Bottom of the 4th over - 0 runs, 0 hits, 0 errors, 0 left on base; New York 1 - Baltimore 2 |
| TOP OF THE 5TH |
|
New York Yankees batting - Pitching for Baltimore Orioles : RHP Don Robinson
|
|
Batting: RHB Rod Allen
|
0-0: Fly out, F9 (Flyball, 89M, EV 83.8 MPH)
|
|
Batting: LHB Denny Porter
|
0-0: Fly out, F7 (Flyball, 7S, EV 92.5 MPH)
|
|
Batting: RHB Emanuel Cortez
|
0-0: Ball 1-0: Called Strike 1-1: Ball 2-1: Fly out, F8 (Flyball, 78XD, EV 111.3 MPH)
|
| Top of the 5th over - 0 runs, 0 hits, 0 errors, 0 left on base; New York 1 - Baltimore 2 |
| BOTTOM OF THE 5TH |
|
Baltimore Orioles batting - Pitching for New York Yankees : RHP Steve Shields
|
|
Batting: RHB Matt Rice
|
0-0: Ball 1-0: Swinging Strike 1-1: Ball 2-1: Ball 3-1: Foul Ball, location: 2F 3-2: Ground out 6-3 (Groundball, 6, EV 108.1 MPH)
|
|
Batting: SHB Willie McGee
|
0-0: SINGLE (Line Drive, 78S, EV 92.5 MPH)
|
|
Batting: SHB Johnny Ray
|
0-0: Ball Willie McGee is caught stealing 2nd base 2-6 1-0: Ball 2-0: Called Strike 2-1: Ball 3-1: Foul Ball, location: 2F 3-2: Strikes out swinging
|
| Bottom of the 5th over - 0 runs, 1 hit, 0 errors, 0 left on base; New York 1 - Baltimore 2 |
| TOP OF THE 6TH |
|
New York Yankees batting - Pitching for Baltimore Orioles : RHP Don Robinson
|
|
Batting: LHB Wade Boggs
|
0-0: Ball 1-0: Ball 2-0: Ball 3-0: Called Strike 3-1: Fly out, F7 (Line Drive, 7, EV 88.1 MPH)
|
|
Batting: SHB Willie Wilson
|
0-0: Called Strike 0-1: Fly out, F8 (Flyball, 78D, EV 88.8 MPH)
|
|
Batting: LHB Kent Hrbek
|
0-0: Called Strike 0-1: Ball 1-1: Foul Ball, location: 2F 1-2: Ball 2-2: Foul Ball, location: 2F 2-2: Ball 3-2: Base on Balls
|
|
Batting: LHB George Kaage
|
0-0: Called Strike 0-1: Called Strike 0-2: Ball 1-2: Foul Ball, location: 2F 1-2: Ground out U3 (Groundball, 34S, EV 80.0 MPH)
|
| Top of the 6th over - 0 runs, 0 hits, 0 errors, 1 left on base; New York 1 - Baltimore 2 |
| BOTTOM OF THE 6TH |
|
Baltimore Orioles batting - Pitching for New York Yankees : RHP Steve Shields
|
|
Batting: LHB Dave Parker
|
0-0: Foul Ball, location: 2F 0-1: Foul Ball, location: 2F 0-2: Ball 1-2: Strikes out swinging
|
|
Batting: RHB Dwight Evans
|
0-0: Ball 1-0: Called Strike 1-1: Foul Ball, location: 2F 1-2: Ball 2-2: Foul Ball, location: 2F 2-2: Foul Ball, location: 2F 2-2: Strikes out swinging
|
|
Batting: SHB Steve R Ontiveros
|
0-0: Ball 1-0: Ball 2-0: Foul Ball, location: 2F 2-1: Ball 3-1: Base on Balls
|
|
Batting: RHB Marty G Barrett
|
0-0: Foul Ball, location: 2F 0-1: Ball 1-1: Ball 2-1: Ball 3-1: Base on Balls Steve R Ontiveros to second
|
|
Batting: SHB Mike Hart
|
0-0: Called Strike 0-1: Called Strike 0-2: Ball 1-2: SINGLE (Flyball, 5D, EV 86.9 MPH) Steve R Ontiveros to third Marty G Barrett to second Runner from 3rd tries for Home, SAFE, throw by LF to home
|
|
Batting: RHB Dennis Werth
|
0-0: Called Strike 0-1: Foul Ball, location: 2F 0-2: Foul Ball, location: 2F 0-2: Ball 1-2: Foul Ball, location: 2F 1-2: Fly out, F8 (Line Drive, 8LM, EV 100.6 MPH)
|
| Bottom of the 6th over - 1 run, 1 hit, 0 errors, 2 left on base; New York 1 - Baltimore 3 |
| TOP OF THE 7TH |
|
New York Yankees batting - Pitching for Baltimore Orioles : RHP Don Robinson
|
|
Now at 2B: Garth Iorg
|
|
|
Now in CF: Mark Brouhard
|
|
|
Batting: RHB Pedro Guerrero
|
0-0: Fly out, F7 (Flyball, 7, EV 78.1 MPH)
|
|
Batting: SHB Tim Raines
|
0-0: Ball 1-0: Ball 2-0: Ball 3-0: Base on Balls
|
|
Batting: RHB Rod Allen
|
0-0: Called Strike Tim Raines steals 2nd base (no throw) 0-1: Ball 1-1: Foul Ball, location: 2F 1-2: SINGLE (Groundball, P, EV 83.1 MPH) (infield hit) Tim Raines to third
|
|
Batting: LHB Denny Porter
|
0-0: Called Strike Rod Allen steals 2nd base 0-1: Foul Ball, location: 2F 0-2: Ball 1-2: Ground out 6-3 (Groundball, 6, EV 98.1 MPH) Tim Raines scores
|
|
Batting: RHB Emanuel Cortez
|
0-0: Ball 1-0: Swinging Strike 1-1: Hit by Pitch
|
|
Batting: LHB Wade Boggs
|
0-0: Ball 1-0: Ball 2-0: Called Strike 2-1: Ball 3-1: Base on Balls Rod Allen to third Emanuel Cortez to second
|
|
Batting: SHB Willie Wilson
|
0-0: Ball 1-0: Foul Ball, location: 2F 1-1: Fly out, F8 (Line Drive, 8RD, EV 102.5 MPH)
|
| Top of the 7th over - 1 run, 1 hit, 0 errors, 3 left on base; New York 2 - Baltimore 3 |
| BOTTOM OF THE 7TH |
|
Baltimore Orioles batting - Pitching for New York Yankees : RHP Steve Shields
|
|
Batting: RHB Matt Rice
|
0-0: Foul Ball, location: 2F 0-1: Ball 1-1: Fly out, F8 (Line Drive, 8LD, EV 86.9 MPH)
|
|
Batting: SHB Willie McGee
|
0-0: Ball 1-0: Foul Ball, location: 2F 1-1: Ball 2-1: Fly out, F7 (Flyball, 7LS, EV 75.0 MPH)
|
|
Batting: SHB Johnny Ray
|
0-0: Ball 1-0: Called Strike 1-1: Fly out, F8 (Line Drive, 8RD, EV 94.4 MPH)
|
| Bottom of the 7th over - 0 runs, 0 hits, 0 errors, 0 left on base; New York 2 - Baltimore 3 |
| TOP OF THE 8TH |
|
New York Yankees batting - Pitching for Baltimore Orioles : RHP Don Robinson
|
|
Batting: LHB Kent Hrbek
|
0-0: Ball 1-0: SINGLE (Line Drive, 9LS, EV 96.3 MPH)
|
|
Pitching: LHP Dave LaRoche
|
|
|
Pinch Runner at 1st Jerry Manuel:
|
|
|
Batting: LHB George Kaage
|
0-0: Called Strike 0-1: Foul Ball, location: 2F 0-2: Fly out, F5 (Popup, 56S, EV 83.8 MPH)
|
|
Batting: RHB Pedro Guerrero
|
0-0: Called Strike 0-1: Foul Ball, location: 2F 0-2: Ball 1-2: Strikes out swinging
|
|
Batting: SHB Tim Raines
|
0-0: SINGLE (Flyball, 9S, EV 90.6 MPH) Jerry Manuel to second Runner from 2nd tries for 3rd, SAFE, throw by RF made to third
|
|
Batting: RHB Rod Allen
|
0-0: Ball 1-0: Swinging Strike 1-1: Swinging Strike 1-2: Fly out, F8 (Line Drive, 8RXD, EV 109.4 MPH)
|
| Top of the 8th over - 0 runs, 2 hits, 0 errors, 2 left on base; New York 2 - Baltimore 3 |
| BOTTOM OF THE 8TH |
|
Baltimore Orioles batting - Pitching for New York Yankees : RHP Steve Shields
|
|
Pitching: RHP Camilo Aprgio
|
|
|
Now at 1B: Vic Rodriguez
|
|
|
Batting: RHB Mark Brouhard
|
0-0: Called Strike 0-1: Called Strike 0-2: Foul Ball, location: 2F 0-2: Strikes out swinging
|
|
Batting: RHB Dwight Evans
|
0-0: Foul Ball, location: 2F 0-1: Foul Ball, location: 2F 0-2: Ball 1-2: Ball 2-2: Fly out, F3 (Popup, 3, EV 82.5 MPH)
|
|
Batting: SHB Steve R Ontiveros
|
0-0: Foul Ball, location: 2F 0-1: Foul Ball, location: 2F 0-2: Ball 1-2: Foul Ball, location: 2F 1-2: Ground out 6-3 (Groundball, 6M, EV 107.5 MPH)
|
| Bottom of the 8th over - 0 runs, 0 hits, 0 errors, 0 left on base; New York 2 - Baltimore 3 |
| TOP OF THE 9TH |
|
New York Yankees batting - Pitching for Baltimore Orioles : LHP Dave LaRoche
|
|
Pinch Hitting: RHB David Hall
|
0-0: Ball 1-0: Called Strike 1-1: Foul Ball, location: 2F 1-2: Strikes out looking
|
|
Batting: RHB Emanuel Cortez
|
0-0: Called Strike 0-1: Fly out, F7 (Flyball, 7LD, EV 103.1 MPH)
|
|
Batting: LHB Wade Boggs
|
0-0: Ground out 2-3 (Groundball, 13S, EV 68.8 MPH)
|
| Top of the 9th over - 0 runs, 0 hits, 0 errors, 0 left on base; New York 2 - Baltimore 3 |
|